General information
			
			
        
        - name: neffa
 
        - type: Ladder 1vs1/FFA
 
        - host: iggy_the_fisk
 
        - saver: BEAR_AND
 
        
map: aps\Download\triple_entente 
        - players: 10
 
        - length: 59:50
 
        - speed: Fast
 - version: 1.22 W3XP
 - replay type:  

 
» download(696 KB)
Players
        team 1 (loser) 
              
              
iggy_the_fisk (
red | 107 APM | 6392 actions | 59:48)
              
 10 Priestess of the Moon 
 3 Searing Arrows
 3 Trueshot Aura
 1 Starfall
 3 Scout
 8 Keeper of the Grove 
 3 Entangling Roots
 3 Thorns Aura
 1 Tranquility
 1 Force of Nature
 7 Naga Sea Witch 
 3 Frost Arrows
 3 Forked Lightning
 1 Tornado
 
                » actions 
                
                | Assign group hotkey | 235 |  | 
| Basic commands | 30 |  | 
| Build / train | 207 |  | 
| Enter build submenu | 73 |  | 
| Enter hero's abilities submenu | 25 |  | 
| Give item / drop item | 6 |  | 
| Remove unit from queue | 7 |  | 
| Right click | 3274 |  | 
| Select / deselect | 1390 |  | 
| Select group hotkey | 845 |  | 
| Use ability | 300 |  | 
                6392 total
 » units 
                
                | Wisp | 68 |  | 
| Archer | 1 |  | 
| Huntress | 25 |  | 
| Glaive Thrower | 26 |  | 
| Transport Ship | 3 |  | 
                123 total
 » upgrades
                
                | Strength of the Moon | 3 |  | 
| Nature's Blessing | 1 |  | 
| Vorpal Blades | 1 |  | 
| Moon Armor | 3 |  | 
| Ultravision | 1 |  | 
| Well Spring | 1 |  | 
| Upgrade Moon Glaive | 1 |  | 
| Sentinel | 1 |  | 
| Strength of the Wild | 2 |  | 
| Reinforced Hides | 2 |  | 
| Marksmanship | 1 |  | 
| Improved Bows | 1 |  | 
                18 total
 » buildings
                
                | Altar of Elders | 1 |  | 
| Moon Well | 28 |  | 
| Ancient of War | 15 |  | 
| Hunter's Hall | 1 |  | 
| Tree of Life | 17 |  | 
| Tree of Ages | 1 |  | 
| Tree of Eternity | 1 |  | 
| Ancient of Wonders | 3 |  | 
                67 total
 » build order
                00:05 Altar of Elders
00:17 Moon Well
01:10 Ancient of War
01:51 Hunter's Hall
02:00 Moon Well
02:54 Moon Well
03:31 Tree of Life
03:45 Tree of Life
05:58 Moon Well
06:00 Ancient of War
06:17 Tree of Ages
07:35 Moon Well
08:30 Moon Well
11:37 Tree of Life
12:03 Ancient of War
12:32 Ancient of War
13:01 Ancient of War
13:36 Ancient of War
15:59 Ancient of War
17:21 Tree of Life
17:36 Moon Well
17:46 Ancient of War
18:14 Tree of Eternity
18:22 Moon Well
18:24 Moon Well
18:39 Moon Well
18:49 Ancient of War
20:30 Moon Well
20:35 Ancient of War
21:13 Tree of Life
21:17 Moon Well
21:18 Moon Well
21:26 Tree of Life
21:35 Moon Well
21:36 Moon Well
21:37 Ancient of War
21:39 Moon Well
21:42 Ancient of War
21:49 Moon Well
22:10 Moon Well
22:14 Ancient of War
22:40 Ancient of Wonders
22:44 Ancient of Wonders
22:48 Ancient of Wonders
23:15 Moon Well
24:14 Moon Well
25:08 Moon Well
25:26 Moon Well
28:25 Moon Well
28:26 Moon Well
28:37 Moon Well
28:38 Ancient of War
28:40 Ancient of War
28:41 Moon Well
29:52 Moon Well
29:56 Moon Well
41:44 Tree of Life
42:03 Tree of Life
42:36 Tree of Life
44:05 Tree of Life
44:08 Tree of Life
44:11 Tree of Life
45:06 Tree of Life
45:13 Tree of Life
45:18 Tree of Life
45:35 Tree of Life
58:51 Tree of Life
» items
                
                | Scroll of Town Portal | 15 |  | 
| Boots of Speed | 1 |  | 
| Circlet of Nobility | 2 |  | 
| Scroll of Healing | 1 |  | 
| Staff of Preservation | 3 |  | 
| Orb of Venom | 2 |  | 
| Potion of Healing | 4 |  | 
| Moonstone | 1 |  | 
                29 total
  
               team 2 (loser) 
              
              
lololololshawn (
blue | 113 APM | 883 actions | 07:47)
              
 1 Demon Hunter 
 1 Mana Burn
 
                » actions 
                
                | Assign group hotkey | 18 |  | 
| Basic commands | 2 |  | 
| Build / train | 29 |  | 
| ESC pressed | 3 |  | 
| Enter build submenu | 18 |  | 
| Enter hero's abilities submenu | 1 |  | 
| Right click | 591 |  | 
| Select / deselect | 133 |  | 
| Select group hotkey | 42 |  | 
| Use ability | 46 |  | 
                883 total
 » units 
                » buildings
                
                | Altar of Elders | 1 |  | 
| Moon Well | 8 |  | 
| Hunter's Hall | 1 |  | 
| Ancient of War | 2 |  | 
| Tree of Ages | 2 |  | 
| Ancient of Wonders | 1 |  | 
                15 total
 » build order
                00:04 Altar of Elders
00:20 Moon Well
01:11 Moon Well
01:41 Hunter's Hall
02:04 Moon Well
02:56 Moon Well
03:06 Ancient of War
03:26 Tree of Ages
03:26 Tree of Ages
03:32 Ancient of Wonders
03:54 Moon Well
04:26 Moon Well
04:29 Moon Well
04:51 Moon Well
07:08 Ancient of War
» items
                 
               team 3 (loser) 
              
              
BEAR_AND (
gray | 47 APM | 2823 actions | 59:50)
              
 3 Priestess of the Moon 
 2 Trueshot Aura
 1 Searing Arrows
 2 Keeper of the Grove 
 1 Entangling Roots
 1 Thorns Aura
 
                » actions 
                
                | Assign group hotkey | 34 |  | 
| Basic commands | 4 |  | 
| Build / train | 70 |  | 
| Enter build submenu | 17 |  | 
| Enter hero's abilities submenu | 5 |  | 
| Remove unit from queue | 12 |  | 
| Right click | 1746 |  | 
| Select / deselect | 500 |  | 
| Select group hotkey | 363 |  | 
| Use ability | 71 |  | 
                2823 total
 » units 
                
                | Wisp | 8 |  | 
| Glaive Thrower | 3 |  | 
| Huntress | 13 |  | 
| Assassin | 1 |  | 
| Hippogryph | -2 |  | 
| Druid of the Talon | 13 |  | 
                36 total
 » upgrades
                
                | Ultravision | 1 |  | 
| Nature's Blessing | 1 |  | 
| Strength of the Moon | 2 |  | 
| Druid of the Talon Training | 2 |  | 
| Vorpal Blades | 1 |  | 
                7 total
 » buildings
                
                | Altar of Elders | 1 |  | 
| Moon Well | 4 |  | 
| Hunter's Hall | 2 |  | 
| Ancient of War | 2 |  | 
| Tree of Ages | 1 |  | 
| Ancient of Wonders | 1 |  | 
| Ancient of Wind | 2 |  | 
| Tree of Eternity | 1 |  | 
                14 total
 » build order
                00:09 Altar of Elders
00:20 Moon Well
01:28 Moon Well
02:20 Hunter's Hall
02:22 Ancient of War
02:24 Ancient of War
02:28 Hunter's Hall
03:07 Moon Well
04:11 Moon Well
06:16 Tree of Ages
09:05 Ancient of Wonders
11:54 Ancient of Wind
11:55 Ancient of Wind
13:37 Tree of Eternity
» items
                
                | Scroll of Town Portal | 1 |  | 
| Staff of Preservation | 2 |  | 
| Dust of Appearance | 1 |  | 
                4 total
  
               team 4 (loser) 
              
              
Mata. (
purple | 164 APM | 9762 actions | 59:30)
              
 6 Keeper of the Grove 
 3 Entangling Roots
 2 Thorns Aura
 1 Tranquility
 7 Warden 
 3 Shadow Strike
 3 Blink
 1 Spirit of Vengeance
 6 Pandaren Brewmaster 
 3 Breath of Fire
 2 Drunken Brawler
 1 Storm Earth and Fire
 
                » actions 
                
                | Assign group hotkey | 895 |  | 
| Basic commands | 108 |  | 
| Build / train | 236 |  | 
| Enter build submenu | 91 |  | 
| Enter hero's abilities submenu | 20 |  | 
| Give item / drop item | 8 |  | 
| Remove unit from queue | 23 |  | 
| Right click | 3858 |  | 
| Select / deselect | 2369 |  | 
| Select group hotkey | 1850 |  | 
| Use ability | 304 |  | 
                9762 total
 » units 
                
                | Wisp | 76 |  | 
| Archer | 44 |  | 
| Druid of the Talon | 11 |  | 
| Dryad | 8 |  | 
| Hippogryph | -3 |  | 
| Transport Ship | 7 |  | 
| Glaive Thrower | 3 |  | 
                146 total
 » upgrades
                
                | Improved Bows | 1 |  | 
| Well Spring | 1 |  | 
| Marksmanship | 1 |  | 
| Druid of the Talon Training | 2 |  | 
| Strength of the Wild | 3 |  | 
| Reinforced Hides | 2 |  | 
| Ultravision | 1 |  | 
| Abolish Magic | 1 |  | 
| Strength of the Moon | 3 |  | 
| Moon Armor | 2 |  | 
| Druid of the Claw Training | 1 |  | 
| Hardened Skin | 1 |  | 
| Resistant Skin | 1 |  | 
| Vorpal Blades | 1 |  | 
                21 total
 » buildings
                
                | Altar of Elders | 4 |  | 
| Moon Well | 32 |  | 
| Ancient of War | 14 |  | 
| Tree of Ages | 2 |  | 
| Tree of Life | 12 |  | 
| Hunter's Hall | 2 |  | 
| Ancient of Wind | 5 |  | 
| Tree of Eternity | 2 |  | 
| Ancient of Lore | 4 |  | 
| Ancient of Wonders | 2 |  | 
                79 total
 » build order
                00:04 Altar of Elders
00:16 Moon Well
00:59 Ancient of War
01:29 Moon Well
02:52 Tree of Ages
03:20 Ancient of War
03:31 Ancient of War
04:45 Moon Well
07:23 Tree of Life
07:49 Hunter's Hall
08:33 Ancient of Wind
08:37 Moon Well
10:13 Moon Well
10:37 Tree of Eternity
16:09 Ancient of Lore
17:01 Tree of Life
17:30 Moon Well
20:31 Moon Well
20:35 Ancient of Wonders
22:50 Altar of Elders
25:55 Ancient of War
26:45 Hunter's Hall
27:26 Ancient of War
27:28 Ancient of Wind
27:59 Ancient of War
29:52 Tree of Life
29:57 Tree of Life
30:19 Tree of Ages
30:59 Ancient of War
31:32 Altar of Elders
31:37 Ancient of War
31:40 Ancient of War
31:44 Ancient of Wonders
31:45 Moon Well
31:46 Moon Well
31:48 Moon Well
31:49 Moon Well
32:50 Moon Well
36:19 Tree of Life
37:40 Tree of Eternity
38:33 Tree of Life
43:12 Ancient of War
43:15 Ancient of Wind
43:19 Moon Well
43:19 Moon Well
43:24 Ancient of Lore
43:24 Ancient of Lore
43:50 Ancient of War
43:53 Moon Well
43:53 Moon Well
43:57 Tree of Life
44:12 Ancient of Wind
44:17 Moon Well
44:25 Moon Well
44:42 Moon Well
44:42 Moon Well
45:04 Moon Well
45:04 Moon Well
48:33 Tree of Life
48:34 Moon Well
48:35 Moon Well
48:35 Moon Well
48:36 Ancient of War
48:37 Moon Well
52:44 Tree of Life
52:45 Tree of Life
56:14 Tree of Life
56:15 Moon Well
56:15 Moon Well
56:16 Tree of Life
56:19 Ancient of War
56:20 Ancient of War
56:42 Moon Well
57:24 Moon Well
57:41 Altar of Elders
58:21 Ancient of Lore
58:38 Ancient of Wind
59:07 Moon Well
59:07 Moon Well
» items
                
                | Periapt of Vitality | 1 |  | 
| Boots of Speed | 1 |  | 
| Orb of Venom | 1 |  | 
| Staff of Teleportation | 2 |  | 
| Scroll of Town Portal | 1 |  | 
                6 total
  
               team 5 (loser) 
              
              
timg4strok (
yellow | 86 APM | 4746 actions | 55:28)
              
 3 Demon Hunter 
 2 Mana Burn
 1 Evasion
 3 Priestess of the Moon 
 2 Trueshot Aura
 1 Searing Arrows
 
                » actions 
                
                | Assign group hotkey | 43 |  | 
| Basic commands | 33 |  | 
| Build / train | 74 |  | 
| ESC pressed | 6 |  | 
| Enter build submenu | 23 |  | 
| Enter hero's abilities submenu | 6 |  | 
| Give item / drop item | 2 |  | 
| Right click | 3177 |  | 
| Select / deselect | 532 |  | 
| Select group hotkey | 729 |  | 
| Use ability | 121 |  | 
                4746 total
 » units 
                
                | Wisp | 13 |  | 
| Archer | 26 |  | 
| Druid of the Talon | 10 |  | 
| Transport Ship | 1 |  | 
                50 total
 » upgrades
                
                | Improved Bows | 1 |  | 
| Druid of the Talon Training | 2 |  | 
| Sentinel | 1 |  | 
| Strength of the Moon | 1 |  | 
| Well Spring | 1 |  | 
| Nature's Blessing | 1 |  | 
| Ultravision | 1 |  | 
                8 total
 » buildings
                
                | Altar of Elders | 2 |  | 
| Ancient of War | 2 |  | 
| Moon Well | 7 |  | 
| Tree of Ages | 1 |  | 
| Ancient of Wind | 1 |  | 
| Tree of Life | 5 |  | 
| Tree of Eternity | 1 |  | 
| Hunter's Hall | 1 |  | 
| Ancient of Wonders | 3 |  | 
                23 total
 » build order
                00:02 Altar of Elders
00:13 Ancient of War
00:20 Moon Well
01:49 Moon Well
02:39 Tree of Ages
03:26 Moon Well
04:21 Moon Well
05:29 Ancient of Wind
07:46 Tree of Life
08:45 Tree of Eternity
08:47 Hunter's Hall
09:15 Ancient of Wonders
10:51 Tree of Life
17:04 Ancient of Wonders
17:43 Ancient of War
18:14 Tree of Life
25:01 Tree of Life
25:23 Moon Well
26:38 Moon Well
27:19 Tree of Life
29:58 Altar of Elders
42:44 Moon Well
42:58 Ancient of Wonders
» items
                
                | Staff of Preservation | 2 |  | 
| Potion of Healing | 2 |  | 
| Orb of Venom | 1 |  | 
                5 total
  
               team 6 (loser) 
              
              
bLinn (
orange | 43 APM | 1996 actions | 46:54)
              
 5 Demon Hunter 
 3 Mana Burn
 2 Evasion
 3 Pandaren Brewmaster 
 2 Breath of Fire
 1 Drunken Haze
 
                » actions 
                
                | Assign group hotkey | 50 |  | 
| Basic commands | 2 |  | 
| Build / train | 87 |  | 
| ESC pressed | 3 |  | 
| Enter build submenu | 24 |  | 
| Enter hero's abilities submenu | 8 |  | 
| Give item / drop item | 3 |  | 
| Remove unit from queue | 4 |  | 
| Right click | 1051 |  | 
| Select / deselect | 413 |  | 
| Select group hotkey | 272 |  | 
| Use ability | 79 |  | 
                1996 total
 » units 
                
                | Wisp | 17 |  | 
| Archer | 9 |  | 
| Murloc Huntsman | 2 |  | 
| Dryad | 7 |  | 
| Druid of the Claw | 4 |  | 
                39 total
 » upgrades
                
                | Abolish Magic | 1 |  | 
| Improved Bows | 1 |  | 
| Ultravision | 1 |  | 
| Strength of the Moon | 2 |  | 
| Druid of the Claw Training | 1 |  | 
| Strength of the Wild | 1 |  | 
                7 total
 » buildings
                
                | Altar of Elders | 3 |  | 
| Moon Well | 8 |  | 
| Ancient of War | 1 |  | 
| Tree of Ages | 2 |  | 
| Hunter's Hall | 1 |  | 
| Tree of Life | 5 |  | 
| Ancient of Lore | 3 |  | 
| Ancient of Wonders | 1 |  | 
| Tree of Eternity | 3 |  | 
                27 total
 » build order
                00:03 Altar of Elders
00:07 Moon Well
00:31 Ancient of War
01:30 Moon Well
02:36 Tree of Ages
02:36 Tree of Ages
02:53 Moon Well
03:33 Hunter's Hall
04:00 Moon Well
04:29 Tree of Life
04:59 Tree of Life
05:13 Ancient of Lore
06:49 Ancient of Wonders
08:04 Moon Well
10:04 Moon Well
10:08 Ancient of Lore
10:11 Moon Well
10:17 Ancient of Lore
11:54 Moon Well
12:22 Tree of Eternity
12:22 Tree of Eternity
12:22 Tree of Eternity
17:05 Tree of Life
17:09 Altar of Elders
17:14 Tree of Life
17:17 Tree of Life
17:18 Altar of Elders
» items
                 
               team 7 (loser) 
              
              
1st_Panzer_Div. (
teal | 77 APM | 4630 actions | 59:47)
              
 6 Goblin Alchemist 
 3 Acid Bomb
 2 Chemical Rage
 1 Transmute
 6 Priestess of the Moon 
 2 Searing Arrows
 3 Trueshot Aura
 1 Starfall
 5 Demon Hunter 
 3 Mana Burn
 2 Evasion
 
                » actions 
                
                | Assign group hotkey | 666 |  | 
| Basic commands | 687 |  | 
| Build / train | 145 |  | 
| ESC pressed | 4 |  | 
| Enter build submenu | 34 |  | 
| Enter hero's abilities submenu | 18 |  | 
| Give item / drop item | 4 |  | 
| Remove unit from queue | 1 |  | 
| Right click | 666 |  | 
| Select / deselect | 695 |  | 
| Select group hotkey | 1493 |  | 
| Use ability | 216 |  | 
                4630 total
 » units 
                
                | Wisp | 42 |  | 
| Archer | 3 |  | 
| Huntress | 14 |  | 
| Druid of the Talon | 4 |  | 
| Druid of the Claw | 14 |  | 
| Murloc Huntsman | 1 |  | 
| Dryad | 4 |  | 
| Transport Ship | 4 |  | 
                86 total
 » upgrades
                
                | Strength of the Moon | 2 |  | 
| Moon Armor | 3 |  | 
| Upgrade Moon Glaive | 1 |  | 
| Sentinel | 1 |  | 
| Druid of the Talon Training | 2 |  | 
| Druid of the Claw Training | 2 |  | 
| Nature's Blessing | 1 |  | 
| Mark of the Talon | 1 |  | 
| Abolish Magic | 1 |  | 
| Strength of the Wild | 1 |  | 
| Reinforced Hides | 2 |  | 
| Ultravision | 1 |  | 
| Well Spring | 1 |  | 
| Mark of the Claw | 1 |  | 
                20 total
 » buildings
                
                | Altar of Elders | 1 |  | 
| Moon Well | 10 |  | 
| Ancient of War | 1 |  | 
| Hunter's Hall | 1 |  | 
| Tree of Ages | 1 |  | 
| Ancient of Wonders | 5 |  | 
| Tree of Eternity | 1 |  | 
| Ancient of Wind | 2 |  | 
| Ancient of Lore | 2 |  | 
| Tree of Life | 5 |  | 
                29 total
 » build order
                00:07 Altar of Elders
00:13 Moon Well
00:33 Ancient of War
02:32 Moon Well
03:07 Hunter's Hall
04:05 Tree of Ages
04:28 Moon Well
04:33 Moon Well
04:39 Moon Well
04:43 Ancient of Wonders
06:05 Ancient of Wonders
06:32 Tree of Eternity
09:08 Ancient of Wind
11:09 Ancient of Lore
13:02 Moon Well
13:12 Moon Well
14:16 Ancient of Wind
14:18 Ancient of Lore
14:22 Tree of Life
14:28 Tree of Life
14:47 Moon Well
14:48 Moon Well
15:36 Moon Well
19:05 Ancient of Wonders
19:11 Ancient of Wonders
22:09 Ancient of Wonders
25:14 Tree of Life
26:40 Tree of Life
30:01 Tree of Life
» items
                
                | Orb of Venom | 1 |  | 
| Staff of Preservation | 1 |  | 
| Scroll of Town Portal | 4 |  | 
| Scroll of Protection | 3 |  | 
| Scroll of Healing | 3 |  | 
| Potion of Lesser Invulnerability | 1 |  | 
                13 total
  
               team 8 (winner) 
              
              
GapInTheTooth (
brown | 57 APM | 3382 actions | 59:49)
              
 5 Goblin Tinker 
 2 Pocket Factory
 3 Engineering Upgrade
 4 Demon Hunter 
 2 Evasion
 2 Immolation
 4 Keeper of the Grove 
 2 Entangling Roots
 2 Thorns Aura
 
                » actions 
                
                | Assign group hotkey | 24 |  | 
| Basic commands | 86 |  | 
| Build / train | 102 |  | 
| ESC pressed | 13 |  | 
| Enter build submenu | 22 |  | 
| Enter hero's abilities submenu | 13 |  | 
| Give item / drop item | 11 |  | 
| Remove unit from queue | 9 |  | 
| Right click | 1785 |  | 
| Select / deselect | 1025 |  | 
| Select group hotkey | 111 |  | 
| Use ability | 177 |  | 
                3382 total
 » units 
                
                | Wisp | 12 |  | 
| Kobold | 2 |  | 
| Murloc Huntsman | 2 |  | 
| Assassin | 2 |  | 
| Druid of the Talon | 14 |  | 
| Transport Ship | 9 |  | 
| Kobold Geomancer | 1 |  | 
| Druid of the Claw | 2 |  | 
                44 total
 » upgrades
                
                | Ultravision | 1 |  | 
| Strength of the Wild | 3 |  | 
| Well Spring | 1 |  | 
| Druid of the Talon Training | 2 |  | 
| Reinforced Hides | 3 |  | 
| Mark of the Talon | 1 |  | 
| Moon Armor | 1 |  | 
| Strength of the Moon | 1 |  | 
| Abolish Magic | 1 |  | 
| Druid of the Claw Training | 2 |  | 
| Hardened Skin | 1 |  | 
| Nature's Blessing | 1 |  | 
| Mark of the Claw | 1 |  | 
                19 total
 » buildings
                
                | Altar of Elders | 5 |  | 
| Hunter's Hall | 1 |  | 
| Moon Well | 11 |  | 
| Tree of Ages | 2 |  | 
| Ancient of Wonders | 1 |  | 
| Tree of Eternity | 2 |  | 
| Ancient of Wind | 3 |  | 
| Tree of Life | 4 |  | 
| Ancient of Lore | 1 |  | 
                30 total
 » build order
                00:28 Altar of Elders
00:33 Hunter's Hall
01:11 Moon Well
02:48 Tree of Ages
03:27 Moon Well
03:30 Ancient of Wonders
05:22 Tree of Eternity
07:57 Moon Well
07:58 Moon Well
08:21 Ancient of Wind
09:36 Ancient of Wind
09:44 Moon Well
18:35 Ancient of Wind
26:33 Tree of Life
30:39 Tree of Life
34:31 Ancient of Lore
52:25 Tree of Ages
52:31 Altar of Elders
53:33 Altar of Elders
53:34 Altar of Elders
53:37 Altar of Elders
53:39 Moon Well
53:40 Moon Well
53:48 Moon Well
54:26 Moon Well
55:00 Moon Well
55:00 Moon Well
56:00 Tree of Eternity
56:58 Tree of Life
59:20 Tree of Life
» items
                
                | Potion of Healing | 2 |  | 
| Scroll of Protection | 1 |  | 
| Orb of Venom | 2 |  | 
| Staff of Preservation | 2 |  | 
| Moonstone | 1 |  | 
| Scroll of Town Portal | 2 |  | 
                10 total
  
               team 9 (loser) 
              
              
joltx (
green | 27 APM | 1639 actions | 59:49)
              
 5 Keeper of the Grove 
 3 Entangling Roots
 2 Thorns Aura
 3 Demon Hunter 
 2 Mana Burn
 1 Evasion
 
                » actions 
                
                | Basic commands | 124 |  | 
| Build / train | 59 |  | 
| ESC pressed | 1 |  | 
| Enter build submenu | 13 |  | 
| Enter hero's abilities submenu | 8 |  | 
| Remove unit from queue | 4 |  | 
| Right click | 881 |  | 
| Select / deselect | 466 |  | 
| Use ability | 83 |  | 
                1639 total
 » units 
                
                | Wisp | 11 |  | 
| Archer | 5 |  | 
| Druid of the Claw | 11 |  | 
| Dryad | 2 |  | 
| Huntress | 1 |  | 
                30 total
 » upgrades
                
                | Druid of the Claw Training | 2 |  | 
| Strength of the Wild | 2 |  | 
| Reinforced Hides | 1 |  | 
                5 total
 » buildings
                
                | Altar of Elders | 1 |  | 
| Moon Well | 6 |  | 
| Ancient of War | 1 |  | 
| Tree of Ages | 1 |  | 
| Hunter's Hall | 1 |  | 
| Tree of Eternity | 1 |  | 
| Ancient of Lore | 2 |  | 
| Tree of Life | 1 |  | 
                14 total
 » build order
                00:05 Altar of Elders
00:07 Moon Well
00:35 Ancient of War
03:06 Moon Well
03:15 Tree of Ages
04:03 Hunter's Hall
05:53 Tree of Eternity
06:01 Ancient of Lore
06:46 Ancient of Lore
08:03 Moon Well
10:51 Tree of Eternity
12:41 Moon Well
12:43 Moon Well
12:44 Moon Well
19:40 Tree of Life
» items
                
                | Boots of Speed | 1 |  | 
| Periapt of Vitality | 1 |  | 
| Circlet of Nobility | 1 |  | 
| Staff of Teleportation | 1 |  | 
| Scroll of Town Portal | 1 |  | 
| Potion of Lesser Invulnerability | 1 |  | 
                6 total
  
               team 10 (loser) 
              
              
DirtMcGirt (
light-blue | 26 APM | 1550 actions | 59:47)
              
 3 Dark Ranger 
 1 Black Arrow
 2 Silence
 3 Warden 
 2 Shadow Strike
 1 Blink
 
                » actions 
                
                | Assign group hotkey | 10 |  | 
| Basic commands | 2 |  | 
| Build / train | 45 |  | 
| Enter build submenu | 16 |  | 
| Enter hero's abilities submenu | 6 |  | 
| Give item / drop item | 1 |  | 
| Remove unit from queue | 4 |  | 
| Right click | 797 |  | 
| Select / deselect | 525 |  | 
| Select group hotkey | 83 |  | 
| Use ability | 61 |  | 
                1550 total
 » units 
                
                | Wisp | 15 |  | 
| Archer | 4 |  | 
| Huntress | 2 |  | 
| Dryad | 3 |  | 
| Druid of the Claw | 3 |  | 
| Transport Ship | 1 |  | 
                28 total
 » buildings
                
                | Altar of Elders | 2 |  | 
| Moon Well | 5 |  | 
| Ancient of War | 1 |  | 
| Ancient of Wonders | 1 |  | 
| Tree of Ages | 2 |  | 
| Hunter's Hall | 1 |  | 
| Ancient of Lore | 2 |  | 
| Tree of Life | 2 |  | 
                16 total
 » build order
                00:10 Altar of Elders
00:15 Moon Well
00:32 Ancient of War
01:48 Moon Well
02:36 Ancient of Wonders
03:05 Tree of Ages
03:05 Tree of Ages
03:08 Moon Well
04:01 Hunter's Hall
05:42 Ancient of Lore
05:43 Ancient of Lore
05:55 Moon Well
12:59 Tree of Life
13:19 Moon Well
14:16 Altar of Elders
17:17 Tree of Life
» items
                
                | Staff of Preservation | 1 |  | 
| Staff of Teleportation | 1 |  | 
                2 total
  
                Chat log
          (00:14 / All) lololololshawn: how can my ping be so awsome?
(00:18 / All) timg4strok: listchecker
(00:20 / All) iggy_the_fisk: umeƄ host 
(00:21 / All) Mata.: you live next door to host
(00:22 / All) bLinn: YES! I GOT BOTTOM LEFT... not ;p
(00:25 / All) lololololshawn: ah nice
(00:31 / All) BEAR_AND: gl hf all
(00:33 / All) BEAR_AND: manner game
(00:33 / All) Mata.: i got djursholm ping in this
(00:41 / All) lololololshawn: its much better than blizz host on eu
(01:52 / All) 1st_Panzer_Div.: cheater
(02:13 / All) lololololshawn: hahahaha
(02:36 / All) lololololshawn: this is a little 12 riverish
(03:00 / All) 1st_Panzer_Div.: what?
(04:54 / All) 1st_Panzer_Div.: haha
(06:48 / All) 1st_Panzer_Div.: cocktail lol
(07:46 / All) lololololshawn: gg
(10:19 / All) 1st_Panzer_Div.: -afk
(11:01 / All) DirtMcGirt: GAY
(11:04 / All) 1st_Panzer_Div.: yea
(11:07 / All) joltx: thats what you get
(11:17 / All) DirtMcGirt: u would abeen dead
(11:18 / All) GapInTheTooth: afk
(11:24 / All) DirtMcGirt: =
(12:06 / All) 1st_Panzer_Div.: laggy now
(12:08 / All) 1st_Panzer_Div.: :(
(14:57 / All) 1st_Panzer_Div.: stop trying to team with him
(15:17 / All) DirtMcGirt: who team with who
(15:22 / All) 1st_Panzer_Div.: nvm
(15:25 / All) 1st_Panzer_Div.: I thought you and green
(15:30 / All) DirtMcGirt: no 
(15:39 / All) DirtMcGirt: u attacked me when iw as attacking him
(17:48 / All) 1st_Panzer_Div.: yes i would love a cocktal
(18:22 / All) GapInTheTooth: back
(18:24 / All) GapInTheTooth: what did i miss
(23:25 / All) joltx: :(
(23:59 / Observers) BEAR_AND: starfall transmute
(37:02 / All) 1st_Panzer_Div.: fuck you iggy
(37:52 / All) 1st_Panzer_Div.: gg
(37:57 / All) 1st_Panzer_Div.: apparently siege is the best ne unit
(40:57 / All) 1st_Panzer_Div.: boo yea
(41:52 / Observers) 1st_Panzer_Div.: he did the get a shit ton of gold
(41:59 / Observers) 1st_Panzer_Div.: although mata did too
(42:37 / Observers) 1st_Panzer_Div.: wow
(42:42 / Observers) 1st_Panzer_Div.: he's got the most gold too
(42:47 / Observers) bLinn: yeah but
(42:50 / Observers) bLinn: it's about knowing how to use it
(42:52 / Observers) 1st_Panzer_Div.: yea
(42:54 / Observers) bLinn: he has mad shitty heroes too
(42:55 / Observers) 1st_Panzer_Div.: and he dont' got any heroes
(42:57 / Observers) bLinn: cos he didn't attack anyone
(43:03 / Observers) 1st_Panzer_Div.: iggy has really badass heroes
(43:33 / Observers) 1st_Panzer_Div.: although gap has badass auras
(45:27 / Observers) 1st_Panzer_Div.: impossible to kill that with no air
(45:31 / Observers) 1st_Panzer_Div.: if you could land
(45:44 / Observers) BEAR_AND: iggy 300g
(45:46 / Observers) BEAR_AND: gap 18000
(45:53 / Observers) bLinn: how did iggy lose so much gold so quick
(46:00 / Observers) bLinn: how could he have spent it all
(46:01 / Observers) 1st_Panzer_Div.: he had no untis
(46:06 / Observers) 1st_Panzer_Div.: he was at like 40 food
(46:08 / Observers) 1st_Panzer_Div.: he did spend it
(46:18 / Observers) 1st_Panzer_Div.: like 8 expoes
(46:23 / Observers) 1st_Panzer_Div.: a ton of itesm and units
(46:37 / Observers) 1st_Panzer_Div.: iggy wins
(46:42 / All) GapInTheTooth: no micro, my only weakness
(46:47 / Observers) 1st_Panzer_Div.: he's unstoppable with his ults
(46:54 / All) Mata.: iggy prob
(47:06 / Observers) 1st_Panzer_Div.: dead
(47:41 / Observers) 1st_Panzer_Div.: he has no wisps
(47:44 / Observers) joltx: can you entangle 2 mines with 1 tree
(47:48 / Observers) BEAR_AND: no
(47:49 / Observers) 1st_Panzer_Div.: no
(47:56 / Observers) BEAR_AND: hu or orc could doublemine that 
(47:59 / Observers) 1st_Panzer_Div.: that's why avalanche is a human/orc map
(48:43 / Observers) BEAR_AND: amulete de la wilder
(48:45 / Observers) 1st_Panzer_Div.: tp and get the items
(48:50 / Observers) 1st_Panzer_Div.: or use a ship
(49:25 / Observers) 1st_Panzer_Div.: hmm
(49:37 / Observers) 1st_Panzer_Div.: cyclone faser
(49:38 / Observers) BEAR_AND: saving this?
(49:49 / Observers) 1st_Panzer_Div.: dead tinker
(50:13 / All) GapInTheTooth: gg for me i guess
(50:27 / All) GapInTheTooth: 3 level3 heros
(50:30 / All) GapInTheTooth: vs 3 level 6+
(50:46 / Observers) 1st_Panzer_Div.: iggy has the heroes
(50:51 / Observers) 1st_Panzer_Div.: but no units/gold
(51:45 / Observers) 1st_Panzer_Div.: lol
(52:02 / Observers) joltx: it seems like if someone just got 100 food glaives and started assaulting bases this would end quicker
(52:58 / Observers) 1st_Panzer_Div.: does anyone know nadman's aim name?
(53:03 / Observers) BEAR_AND: chemicalwallis
(53:07 / Observers) 1st_Panzer_Div.: ok
(53:22 / Observers) 1st_Panzer_Div.: mata gets 6?>
(53:30 / Observers) BEAR_AND: yop
(53:37 / Observers) 1st_Panzer_Div.: now he's got it
(54:00 / All) GapInTheTooth: ive never won on echo isles
(54:02 / All) GapInTheTooth: true story
(54:08 / All) iggy_the_fisk: well it's a solo map
(54:13 / All) GapInTheTooth: hurrrrr
(54:34 / All) GapInTheTooth: u can buy them on FSA as well
(54:40 / All) GapInTheTooth: from the merc camps, theres deep water
(54:45 / All) GapInTheTooth: turtles and murlocs can swim
(55:20 / Observers) 1st_Panzer_Div.: man fucking siege
(55:28 / Observers) 1st_Panzer_Div.: dead mata?
(55:43 / Observers) 1st_Panzer_Div.: ahh tavern fight with gold
(56:04 / Observers) BEAR_AND: 10k mata
(56:04 / Observers) 1st_Panzer_Div.: ??
(56:07 / Observers) BEAR_AND: 1k ig
(56:08 / Observers) 1st_Panzer_Div.: yea he wins
(56:17 / Observers) BEAR_AND: that won him the game
(56:21 / Observers) 1st_Panzer_Div.: he's got like 5
(56:21 / Observers) joltx: 20k.... gap?
(56:27 / Observers) 1st_Panzer_Div.: that he's saving
(56:33 / Observers) BEAR_AND: saving for later
(56:34 / Observers) BEAR_AND: you'll see......
(56:42 / Observers) 1st_Panzer_Div.: ah haha
(56:46 / Observers) 1st_Panzer_Div.: no I know he's saving
(56:55 / All) GapInTheTooth: two pros and a scrub left
(56:59 / Observers) 1st_Panzer_Div.: wow
(57:31 / Observers) 1st_Panzer_Div.: his heroes don't even amtter
(57:36 / Observers) 1st_Panzer_Div.: he can just hire
(57:43 / Observers) 1st_Panzer_Div.: and not like iggys are gonna get massively better :(
(57:58 / Observers) BEAR_AND: if iggy got mid and bottom right
(58:01 / Observers) BEAR_AND: wel
(58:05 / Observers) 1st_Panzer_Div.: not anymore
(58:10 / Observers) 1st_Panzer_Div.: gap is dead to creep?
(58:14 / Observers) BEAR_AND: maybe gap gets 1 level five hero this game
(58:34 / Observers) BEAR_AND: does that guy res
(58:35 / Observers) BEAR_AND: ep
(58:36 / Observers) BEAR_AND: yep
(58:39 / Observers) joltx: gap is seemingly on auto attack
(58:39 / Observers) 1st_Panzer_Div.: haha
(58:40 / Observers) BEAR_AND: surprise
(58:49 / Observers) 1st_Panzer_Div.: and ai is too
(59:07 / Observers) 1st_Panzer_Div.: the other sing casts were awesome
(59:27 / Observers) 1st_Panzer_Div.: game over